 Dungeon Crawl Stone Soup version 0.19-a0-1786-g230130f (webtiles) character file.

88121 kae the Spry (level 15, -2/79 HPs)
             Began as a Spriggan Enchanter on Oct 3, 2016.
             Was the Champion of Dithmenos.
             Shot with an arrow by a centaur warrior (16 damage)
             ... on level 14 of the Dungeon.
             The game lasted 00:40:08 (24241 turns).

kae the Spry (Spriggan Enchanter)                  Turns: 24241, Time: 00:40:09

Health: -2/79      AC:  6    Str:  7    XL:     15   Next: 45%
Magic:  31/31      EV: 32    Int: 19    God:    Dithmenos [******]
Gold:   2239       SH:  0    Dex: 18    Spells: 3 memorised, 31 levels left

rFire  . . .     SeeInvis +     x - +4 arc blade {discharge, rElec}
rCold  . . .     Gourm    .     H - +2 robe {MR+}
rNeg   + . .     Faith    .     (shield restricted)
rPois  +         Spirit   .     A - +1 hat
rElec  +         Dismiss  .     b - +0 cloak
rCorr  .         Reflect  .     (gloves unavailable)
MR     +++..     Harm     .     (boots unavailable)
Stlth  ++++++++++               r - amulet of regeneration
                                t - ring of positive energy
                                E - ring of poison resistance

@: wreathed by umbra, very quick
A: unfitting armour, see invisible, herbivore 3, speed 3, slow metabolism 2
a: Shadow Step, Shadow Form, Renounce Religion


You were on level 14 of the Dungeon.
You worshipped Dithmenos.
Dithmenos was exalted by your worship.
You were hungry.

You visited 3 branches of the dungeon, and saw 22 of its levels.

You collected 2531 gold pieces.
You spent 292 gold pieces at shops.

Inventory:

Hand Weapons
 x - the +4 arc blade (weapon) {discharge, rElec}
   (You acquired it on level 8 of the Dungeon)

   It insulates you from electricity.
 W - a +1 vampiric dagger
Armour
 b - a +0 cloak (worn)
 A - a +1 hat (worn)
 H - a +2 robe of magic resistance (worn)
 K - a +1 robe of cold resistance
Rods
 z - a -2 rod of inaccuracy (10/10)
   (You found it on level 4 of the Lair of Beasts)
Jewellery
 g - an uncursed amulet of guardian spirit
 r - an amulet of regeneration (around neck)
 t - a ring of positive energy (right hand)
 E - a ring of poison resistance (left hand)
 L - an uncursed ring of protection from fire
 T - an uncursed ring of protection from magic
Wands
 m - a wand of disintegration (7/24)
 C - a wand of flame (24/48)
 F - a wand of enslavement (6/24)
 P - a wand of enslavement (5/24)
 U - a wand of paralysis (9/24)
 V - a wand of teleportation (6/9)
 X - a wand of random effects (15/48)
Scrolls
 a - 2 scrolls of vulnerability
 c - 5 scrolls of identify
 f - 4 scrolls of enchant armour
 n - 9 scrolls of remove curse
 p - a scroll of enchant weapon
 u - 3 scrolls of fog
 w - 5 scrolls of amnesia
 y - 6 scrolls of teleportation
 D - 3 scrolls of magic mapping
 N - a scroll of recharging
 O - a scroll of noise {unknown}
 R - a scroll of holy word {unknown}
Potions
 d - 2 potions of flight
 e - 4 potions of haste
 h - 13 potions of lignification
 i - 2 potions of cancellation
 j - a potion of invisibility
 k - 7 potions of heal wounds
 l - a potion of cure mutation
 o - 7 potions of brilliance
 q - 8 potions of curing
 s - 3 potions of agility
 v - 5 potions of might
 B - a potion of resistance
 I - a potion of ambrosia
 M - 2 potions of mutation
 Q - 2 potions of berserk rage
Comestibles
 G - 11 bread rations
 J - 16 fruits
 S - a slice of pizza


   Skills:
 * Level 9.5 Fighting
 * Level 14.9 Short Blades
 * Level 15.4 Dodging
 + Level 15.2 Stealth
 + Level 11.9 Spellcasting
 + Level 11.9 Hexes
 + Level 7.9 Invocations


You had 31 spell levels left.
You knew the following spells:

 Your Spells              Type           Power        Failure   Level  Hunger
a - Corona                Hex            ######.      1%          1    None
b - Ensorcelled Hibernat  Hex/Ice        ####..       1%          2    None
c - Confuse               Hex            ######..     1%          3    None


Dungeon Overview and Level Annotations

Branches:
Dungeon (14/15)            Temple (0/1) D:6            Lair (6/6) D:11
  Swamp (0/4) Lair:3        Snake (0/4) Lair:4        Slime (0/5) Lair:5
    Orc (2/2) D:10            Elf (0/3) Orc:2        Vaults (0/5) D:13

Altars:
Ashenzari
Cheibriados
Dithmenos
Elyvilon
Fedhas
Makhleb
Qazlal
Sif Muna
Trog
Uskayaw
Vehumet
Xom
Yredelemnul
Zin
Jiyva

Shops:
D:4 *   D:8 *   D:9 [   D:13 (   Orc:2 ?[!?*:[[(

Portals:
Pandemonium: Orc:2
Trove: D:13 (give +2 gold dragon armour)

Annotations:
D:8 exclusion: statue


Innate Abilities, Weirdness & Mutations

You are very small and have problems with some larger weapons.
You are too small for most types of armour.
You have supernaturally acute eyesight. (SInv)
You are a herbivore.
You cover ground extremely quickly.
You need consume almost no food.


Message History

The white ugly thing freezes you!!
You are too injured to fight recklessly!
Unknown command.
You are too injured to fight recklessly!
You are too injured to fight recklessly!
You are too injured to fight recklessly!
You are too injured to fight recklessly!
Unknown command.
You are too injured to fight recklessly!
You are too injured to fight recklessly!
Unknown command.
You are too injured to fight recklessly!
You are too injured to fight recklessly!
Unknown command.
The centaur warrior wields a shortbow.
The centaur warrior shoots an arrow.
The arrow hits you!
* * * LOW HITPOINT WARNING * * *
You emit a cloud of dark smoke.
The centaur warrior shoots an arrow.
The arrow hits you!
You die...

#..............
####..#.#.#.#..#####
#..............#...
#.##..#.#.#....#.##
#
#..#.#.#(..(..(####
####.#.#...$.......
#.#.#§.§.....###
..#..§§§§§§.....
#######@§§§..###
#....§u§c§..#
.....##u§c§..# ....
#§cc§..# ...
#......# ..
........# .
#######.## .. ##


You could see 2 ugly things and 2 centaur warriors.

Vanquished Creatures
  The ghost of azzavlup the Brawler, a journeyman DrMo of Okawaru (D:13)
  The ghost of Duskembrace the Unseen, a journeyman VSMo of Hepliaklqana (Orc:1)
  A great orb of eyes (D:13)
  A vault guard (D:13)
  A fire dragon (D:14)
  6 hydras
  An ice dragon (Lair:6)
  A death knight (D:13)
  7 death yaks
  2 catoblepae
  A tengu warrior (D:13)
  8 orc high priests (Orc:2)
  2 skeletal warriors (D:13)
  2 unseen horrors
  A torturous demonspawn (Orc:2)
  A phantasmal warrior (D:13)
  3 hill giants
  2 lindwurms (Lair:6)
  A harpy (shapeshifter) (D:13)
  Pikel (D:7)
  4 orc knights (Orc:2)
  5 orc sorcerers
  2 wolf spiders (Lair:6)
  2 cyclopes (D:12)
  3 deep elf magi
  A faun (Lair:6)
  7 ugly things
  15 elephants
  9 black mambas
  A guardian serpent (Lair:6)
  2 smoke demons (Orc:2)
  6 torpor snails (Lair:6)
  2 centaur skeletons
  11 spiny frogs
  10 komodo dragons
  A hellwing (Orc:2)
  An ice devil (Orc:2)
  3 trolls
  3 two-headed ogres
  A meliai (D:13)
  10 hornets (Lair:6)
  2 polar bears (D:12)
  3 blink frogs (Lair:2)
  3 tyrant leeches (Lair:6)
  6 dream sheep (Lair:5)
  A hippogriff (shapeshifter) (D:13)
  12 hippogriffs
  2 redbacks (Lair:6)
  2 wraiths
  A shadow (D:14)
  37 yaks
  A vampire (D:11)
  8 wyverns
  2 basilisks (Lair:6)
  Eustachio (D:5)
  4 hungry ghosts
  A neqoxec (Orc:2)
  A chaos spawn (Orc:2)
  4 vampire mosquitoes
  Menkaure (D:7)
  A warg (Orc:2)
  Edmund (D:6)
  Duvessa (D:7)
  27 water moccasins
  6 porcupines
  An eye of draining (D:13)
  4 slaves (D:7)
  36 orc warriors
  5 ice beasts
  4 phantoms
  A black bear (Lair:5)
  4 wolves
  4 sky beasts
  8 boggarts
  A necrophage (D:12)
  9 ogres
  14 centaurs
  6 crocodiles
  Blork the orc (D:5)
  The ghost of Ruebezahl the Conjurer, an amateur DECj (D:3)
  3 big kobolds
  13 bullfrogs
  Dowan (D:7)
  3 scorpions
  4 killer bees (D:12)
  2 howler monkeys
  4 wights (D:6)
  An electric eel (D:12)
  A quasit (D:9)
  5 jellies
  A bullfrog skeleton (D:12)
  7 crimson imps
  21 orc wizards
  23 orc priests
  5 hounds
  Natasha (thrice) (D:3)
  6 iguanas
  14 worker ants
  A killer bee zombie (D:9)
  A hound zombie (D:11)
  A howler monkey zombie (D:8)
  5 gnolls
  A howler monkey skeleton (D:10)
  26 adders
  66 river rats
  3 shadow imps
  4 white imps (D:12)
  2 ufetubi (D:12)
  5 oozes
  An adder skeleton (D:4)
  3 dart slugs
  4 worms
  3 leopard geckos
  66 orcs
  5 giant cockroaches
  13 goblins
  19 hobgoblins
  11 jackals
  27 kobolds
  3 quokkas
  5 ball pythons
  15 bats
  6 frilled lizards
  2 jackal skeletons
  2 leopard gecko skeletons (D:4)
  A leopard gecko zombie (D:6)
  A quokka skeleton (D:9)
  12 rats
  3 plants
804 creatures vanquished.

Vanquished Creatures (others)
  2 orc priests (Orc:2)
  3 orcs (Orc:2)
  A quokka (D:3)
  A rat (D:3)
  17 fungi
  18 plants
42 creatures vanquished.

Grand Total: 846 creatures vanquished

Notes
Turn   | Place    | Note
-------+----------+-------------------------------------------
     0 | D:1      | kae the Spriggan Enchanter began the quest for the Orb.
     0 | D:1      | Reached XP level 1. HP: 9/9 MP: 5/5
   438 | D:1      | Reached XP level 2. HP: 12/13 MP: 6/6
   445 | D:1      | Learned a level 2 spell: Ensorcelled Hibernation
   458 | D:1      | Reached skill level 5 in Stealth
  1089 | D:1      | Reached XP level 3. HP: 13/16 MP: 8/8
  1991 | D:2      | Found a shimmering altar of Xom.
  2253 | D:3      | Noticed Ruebezahl's ghost (amateur DECj)
  2267 | D:3      | Found a shadowy altar of Dithmenos.
  2271 | D:3      | Became a worshipper of Dithmenos the Shadowed
  2278 | D:3      | Noticed Natasha
  2285 | D:3      | Killed Natasha
  2285 | D:3      | Reached XP level 4. HP: 15/21 MP: 9/9
  2339 | D:3      | Noticed Natasha
  2345 | D:3      | Killed Natasha
  2369 | D:3      | Noticed Natasha
  2375 | D:3      | Killed Natasha
  2375 | D:3      | Reached XP level 5. HP: 20/24 MP: 4/11
  2528 | D:3      | Learned a level 3 spell: Confuse
  2570 | D:3      | Killed Ruebezahl's ghost
  2838 | D:3      | Found a white marble altar of Elyvilon.
  3078 | D:3      | Reached * piety under Dithmenos
  3493 | D:3      | Reached XP level 6. HP: 28/28 MP: 10/13
  4266 | D:4      | Found Kytsaps's General Store.
  4672 | D:4      | Reached skill level 5 in Hexes
  4689 | D:4      | Reached skill level 5 in Short Blades
  4691 | D:4      | Reached XP level 7. HP: 28/32 MP: 2/14
  4830 | D:4      | You fall through a shaft for 3 floors!
  4863 | D:7      | Noticed a hungry ghost
  4902 | D:7      | Killed a hungry ghost
  5024 | D:7      | Found a shimmering altar of Xom.
  5157 | D:7      | Noticed Menkaure
  5166 | D:7      | Found a deep blue altar of Sif Muna.
  5269 | D:6      | Found a blossoming altar of Fedhas.
  5407 | D:5      | Entered Level 5 of the Dungeon
  5409 | D:5      | Reached skill level 5 in Spellcasting
  5753 | D:5      | Found a stormy altar of Qazlal.
  5858 | D:5      | Found a bloodstained altar of Trog.
  5936 | D:5      | Reached ** piety under Dithmenos
  6064 | D:5      | Found a bloodstained altar of Trog.
  6064 | D:5      | Noticed Eustachio
  6068 | D:5      | Killed Eustachio
  6068 | D:5      | Reached XP level 8. HP: 36/36 MP: 17/17
  6116 | D:5      | Found a glowing silver altar of Zin.
  6173 | D:5      | Noticed Blork the orc
  6180 | D:5      | Killed Blork the orc
  6399 | D:6      | Noticed Edmund
  6410 | D:6      | Killed Edmund
  6517 | D:6      | Found a basalt altar of Yredelemnul.
  7018 | D:6      | Found a staircase to the Ecumenical Temple.
  7208 | D:7      | Reached *** piety under Dithmenos
  7385 | D:7      | Noticed Dowan
  7386 | D:7      | Noticed Duvessa
  7392 | D:7      | Killed Duvessa
  7398 | D:7      | Killed Dowan
  7398 | D:7      | Reached XP level 9. HP: 36/39 MP: 4/20
  7568 | D:7      | Noticed Pikel
  7613 | D:7      | Killed Menkaure
  7668 | D:7      | Killed Pikel
  7668 | D:7      | Reached skill level 10 in Stealth
  8089 | D:8      | Found a burning altar of Makhleb.
  8202 | D:8      | Found a shattered altar of Ashenzari.
  8244 | D:8      | Found a hide-covered altar of Uskayaw.
  8351 | D:8      | Reached skill level 1 in Fighting
  8580 | D:8      | Found Quwir's Assorted Antiques.
  8585 | D:8      | Bought a fuming emerald potion for 18 gold pieces
  8585 | D:8      | Bought a scroll labeled DOENON VEOMARPH for 21 gold pieces
  8585 | D:8      | Bought a smoky purple potion for 18 gold pieces
  8585 | D:8      | Bought a dark potion for 18 gold pieces
  8585 | D:8      | Bought a scroll labeled CADDAI IGUOXT for 21 gold pieces
  8585 | D:8      | Bought a dark potion for 18 gold pieces
  8637 | D:8      | Found a radiant altar of Vehumet.
  8923 | D:9      | Reached skill level 1 in Invocations
  8957 | D:9      | Found Otielecu's Armour Shoppe.
  8979 | D:9      | Found a snail-covered altar of Cheibriados.
  9050 | D:9      | Reached **** piety under Dithmenos
  9053 | D:9      | Reached XP level 10. HP: 46/46 MP: 19/22
  9149 | D:9      | Reached skill level 5 in Dodging
  9463 | D:10     | Entered Level 10 of the Dungeon
  9594 | D:10     | Noticed a hill giant
  9606 | D:10     | Killed a hill giant
  9606 | D:10     | Reached skill level 10 in Short Blades
 10244 | D:10     | Found a staircase to the Orcish Mines.
 10627 | D:11     | Reached XP level 11. HP: 45/53 MP: 24/24
 10671 | D:11     | Found a staircase to the Lair.
 10734 | D:11     | Noticed a five-headed hydra
 10761 | D:11     | Killed a five-headed hydra
 10795 | D:11     | Reached ***** piety under Dithmenos
 11163 | D:11     | Noticed a hill giant
 11166 | D:11     | Killed a hill giant
 11669 | Lair:1   | Entered Level 1 of the Lair of Beasts
 12565 | Lair:1   | Reached skill level 5 in Fighting
 12590 | Lair:2   | Noticed a death yak
 12592 | Lair:2   | Noticed a death yak
 12592 | Lair:2   | Noticed a death yak
 12593 | Lair:2   | Noticed a death yak
 13073 | Lair:2   | Reached XP level 12. HP: 60/60 MP: 18/26
 13215 | Lair:1   | Killed a death yak
 13487 | Lair:2   | Killed a death yak
 13487 | Lair:2   | Reached skill level 10 in Dodging
 13490 | Lair:2   | Killed a death yak
 13505 | Lair:2   | Killed a death yak
 13873 | Lair:3   | Reached ****** piety under Dithmenos
 14196 | Lair:3   | Reached skill level 5 in Invocations
 14294 | Lair:3   | Found a staircase to the Swamp.
 14365 | Lair:3   | Reached skill level 10 in Hexes
 14850 | Lair:4   | Found a staircase to the Snake Pit.
 14887 | Lair:4   | Reached skill level 10 in Spellcasting
 15381 | Lair:4   | Reached XP level 13. HP: 47/66 MP: 28/28
 16603 | Lair:5   | Found a runed door.
 16604 | Lair:5   | Found a viscous altar of Jiyva.
 16604 | Lair:5   | Found a staircase to the Slime Pits.
 16898 | Lair:6   | Entered Level 6 of the Lair of Beasts
 17784 | Lair:6   | Found a runed door.
 17822 | Lair:6   | Reached XP level 14. HP: 72/73 MP: 28/30
 18886 | Orc:1    | Entered Level 1 of the Orcish Mines
 18959 | Orc:2    | Entered Level 2 of the Orcish Mines
 18975 | Orc:2    | Found a staircase to the Elven Halls.
 18982 | Orc:2    | Found Alazuoq's Antique Armour Shoppe.
 19001 | Orc:2    | Found Emorant's Magic Scroll Boutique.
 19011 | Orc:2    | Found Erphagg's Assorted Antiques.
 19019 | Orc:2    | Bought a smoky green potion for 30 gold pieces
 19082 | Orc:2    | Found Wiefywk's Antique Weapon Boutique.
 19083 | Orc:2    | Found a radiant altar of Vehumet.
 19248 | Orc:2    | Found Peucvoos's Armour Emporium.
 19948 | Orc:1    | Noticed Duskembrace's ghost (journeyman VSMo)
 19984 | Orc:1    | Killed Duskembrace's ghost
 20163 | Orc:2    | Found Ydigutt's Distillery.
 20177 | Orc:2    | Found Efoisies's Magic Scroll Boutique.
 21086 | Orc:2    | Found Pohijiucha's Book Shoppe.
 21086 | Orc:2    | Found a one-way gate leading to the halls of Pandemonium.
 21086 | Orc:2    | Found Otih's Antique Armour Emporium.
 21304 | Orc:2    | Bought a scroll of identify for 22 gold pieces
 21304 | Orc:2    | Bought a scroll of amnesia for 38 gold pieces
 21304 | Orc:2    | Bought a scroll of identify for 22 gold pieces
 21304 | Orc:2    | Bought 2 scrolls of identify for 44 gold pieces
 21304 | Orc:2    | Bought a scroll of identify for 22 gold pieces
 22754 | D:13     | Reached XP level 15. HP: 79/79 MP: 31/31
 22877 | D:13     | Noticed azzavlup's ghost (journeyman DrMo)
 23154 | D:13     | Killed azzavlup's ghost
 23428 | D:13     | Found a portal to a secret trove of treasure.
 23457 | D:13     | Found Decutan's Antique Weapon Boutique.
 23738 | D:13     | Reached skill level 15 in Stealth
 23744 | D:13     | Reached skill level 15 in Dodging
 23861 | D:13     | Found a gate to the Vaults.
 24241 | D:14     | Shot with an arrow by a centaur warrior

Vault maps used:
D:1:      lightli_arrival_farm, minmay_tetromino_l4
D:2:      xom_teletrap_fun
D:3:      grunt_dithmenos_smoke_and_mirrors, elyvilon_altar_4, uniq_natasha
D:4:      serial_shops, nicolae_shop_crystal, minmay_three_crescents
D:5:      zin_statuary, lemuel_round_altar, basic_altar, first_bread,
          hex_medium, trog_book, uniq_blork_the_orc, uniq_eustachio
D:6:      corexii_shantytown, old_standard_altar, basic_altar, uniq_edmund
D:7:      lemuel_crystal_altar, basic_altar, uniq_menkaure, uniq_duvessa,
          uniq_pikel
D:8:      old_standard_altar, vehumet_statue, nicolae_ashenzari_panopticon,
          eat_drink_and_be_merry_uskayaw, serial_shops, kennysheep_little_box
D:9:      lemuel_crystal_altar, serial_shops, shop
D:10:     orc_0_dummy
D:11:     grunt_lair_entry_orc_guard_hut
D:12:     serial_ice, serial_ice_d, serial_ice_i, serial_ice_f, serial_ice_e
D:13:     david_vaults_5, nicolae_trove_entry_free_sample, serial_shops, shop
D:14:     hangedman_little_slice_of_home, minmay_evil_grid, uniq_louise,
          uniq_azrael
Lair:1:   hangedman_lair_unloving_vines, serial_bayou_shore_b,
          grunt_megastairs_4
Lair:3:   swamp_mist, grunt_megastairs_1
Lair:4:   minmay_snake_entry_six_corridors
Lair:5:   slime_altar_2, kilobyte_rumbling_trees
Lair:6:   hangedman_lair_tendril_chambers, wormcave,
          grunt_forest_large_clearings, infiniplex_staircase_pool_2
Orc:2:    pf_orc_diabolical, basic_altar, serial_shops, shop,
          nicolae_shop_behind_doors, shop, shop, nicolae_shop_crystal

Skill      XL: |  1  2  3  4  5  6  7  8  9 10 11 12 13 14 15 |
---------------+----------------------------------------------+-----
Stealth        | 5 6 7 8 9 10 11 12 13 14 15 | 15.2
Spellcasting   | 3 4 5 6 7 8 9 10 11 | 11.9
Short Blades   | 2 3 4 5 6 8 9 10 11 12 13 14 | 14.9
Hexes          | 4 5 6 7 8 9 10 11 | 11.9
Fighting       | 1 3 5 6 8 9 |  9.5
Dodging        | 4 7 9 11 13 14 15 | 15.4
Invocations    | 1 3 4 5 6 7 |  7.9

Action                   |  1- 3 |  4- 6 |  7- 9 | 10-12 | 13-15 || total
-------------------------+-------+-------+-------+-------+-------++-------
Melee: Dagger            |   158 |   225 |   303 |       |       ||   686
       Rapier            |       |       |    15 |   467 |   947 ||  1429
 Cast: Ensorcelled Hiber |    14 |    68 |    61 |   128 |   126 ||   397
       Confuse           |       |     4 |    16 |    10 |    28 ||    58
       Corona            |       |     3 |       |     2 |       ||     5
Invok: Shadow Step       |       |       |       |       |     2 ||     2
Evoke: Wand              |       |       |       |       |     2 ||     2
  Use: Scroll            |     7 |       |     7 |    16 |     9 ||    39
       Potion            |       |       |       |       |     1 ||     1
 Stab: Sleeping          |    14 |    46 |    75 |    96 |   138 ||   369
       Confused          |       |     1 |     8 |     3 |     8 ||    20
       Distracted        |       |       |     2 |     5 |     9 ||    16
       Invisible         |       |       |       |       |     5 ||     5
  Eat: Pizza             |       |     1 |       |     1 |     2 ||     4
       Bread ration      |       |     1 |     1 |       |     1 ||     3
       Fruit             |       |       |       |     1 |     1 ||     2
       Royal jelly       |       |       |       |     1 |       ||     1
Armor: Robe              |    21 |    19 |    16 |    26 |    32 ||   114
Dodge: Dodged            |   124 |   205 |   184 |   434 |   753 ||  1700
